 Dungeon Crawl Stone Soup version 0.29-a0-284-gf9362112df (webtiles) character file.

Game seed: 6157683469495347231

979 Vomitron the Cudgeller (level 7, -1/59 HPs)
             Began as a Palentonga Fighter on Mar 14, 2022.
             Was an Initiate of Gozag.
             Slain by a vampire
             ... wielding a +0 falchion
              (11 damage)
             ... on level 4 of the Dungeon.
             The game lasted 00:15:11 (6138 turns).

Vomitron the Cudgeller (Palentonga Fighter)         Turns: 6138, Time: 00:15:11

Health: -1/59      AC: 17    Str: 21    XL:     7   Next: 96%
Magic:  7/7        EV:  5    Int:  8    God:    Gozag
Gold:   212        SH:  0    Dex: 10    Spells: 6/6 levels left

rFire   . . .      SeeInvis +   m - +1 flail (flame)
rCold   . . .      Faith    .   c - +0 buckler
rNeg    . . .      Spirit   .   n - +0 chain mail
rPois   .          Reflect  .   t - +1 hat
rElec   .          Harm     .   (no cloak)
rCorr   .          Rampage  .   r - +0 pair of gloves
Will    .....                   (no barding)
Stlth   ..........              (no amulet)
HPRegen 0.19/turn               (no ring)
MPRegen 0.10/turn               (no ring)

@: confused, curled up
A: large, rugged brown scales 3, see invisible, deformed body, roll 1, armoured
tail, reflexive curl
a: Rolling Charge, Renounce Religion, Potion Petition, Call Merchant, Bribe
Branch


You were on level 4 of the Dungeon.
You worshipped Gozag.
Gozag was aware of your devotion.
You visited 2 branches of the dungeon, and saw 7 of its levels.

You collected 357 gold pieces.
You spent 96 gold pieces at shops.
You paid 49 gold pieces to Gozag.

Inventory:

Hand Weapons
 a - a +0 flail
 m - a +1 flail of flaming (weapon)
 s - a +1 short sword of draining
 u - a +0 whip of venom
Missiles
 l - a throwing net
Armour
 b - a +0 scale mail
 c - a +0 buckler (worn)
 n - a +0 chain mail (worn)
 r - a +0 pair of gloves (worn)
 t - a +1 hat (worn)
Wands
 p - a wand of charming (8)
 v - a wand of iceblast (2)
 w - a wand of flame (17)
Scrolls
 f - a scroll of magic mapping
 g - a scroll of summoning
 h - 5 scrolls of teleportation
 i - 2 scrolls of fog
Potions
 d - a potion of might
 e - a potion of degeneration
 j - a potion of brilliance
 k - a potion of attraction
 o - 2 potions of ambrosia {unknown}
 q - 2 potions of mutation {unknown}
 x - a potion of resistance


   Skills:
 + Level 5.4 Fighting
 * Level 6.7 Maces & Flails
 + Level 2.7 Armour
 - Level 4.3 Shields


You had 6 spell levels left.
You didn't know any spells.
Your spell library contained the following spells:

 Spells                   Type           Power      Damage    Failure   Level
 Sandblast                Erth           0%         2d4       99%         1
 Summon Small Mammal      Summ           0%         N/A       99%         1
 Blink                    Tloc           0%         N/A       100%        2
 Passwall                 Tmut/Erth      0%         N/A       100%        2
 Call Canine Familiar     Summ           0%         N/A       100%        3
 Lesser Beckoning         Tloc           0%         N/A       100%        3
 Stone Arrow              Conj/Erth      0%         3d7       100%        3
 Summon Guardian Golem    Hex/Summ       0%         N/A       100%        3
 Manifold Assault         Tloc           0%         N/A       100%        5


Dungeon Overview and Level Annotations

Branches:
Dungeon (6/15)             Temple (1/1) D:5

Altars:
Elyvilon
Gozag
Makhleb
Uskayaw
Yredelemnul
The Shining One

Shops:
D:3 ?[??*   D:4 =


Innate Abilities, Weirdness & Mutations

You are completely covered in rugged brown scales. (AC +3, +7% HP)
You have supernaturally acute eyesight. (SInv)
Armour fits poorly on your strangely shaped body.
You can roll at nearby foes to attack.
You have a long armoured tail.
You curl defensively after being hit. (AC +7*)


Message History

You feel less confused.
There is a stone staircase leading up here.
The vampire hits you with a +0 falchion!
You block the vampire's attack.
You climb upwards.
There is a stone staircase leading down here.
Okay, then.
You closely miss the vampire.
You tail-slap the vampire, but do no damage.
The vampire casts a spell at you. You resist with significant effort.
You closely miss the vampire. The vampire barely misses you.
The vampire bites you.
The vampire draws strength from your injuries!
You hit the vampire but do no damage. You tail-slap the vampire.
The vampire is lightly damaged.
The vampire hits you with a +0 falchion!
The vampire bites you but does no damage.
You hit the vampire. You burn the vampire.
The vampire is moderately damaged.
You block the vampire's attack. The vampire completely misses you.
You closely miss the vampire.
The vampire is moderately damaged.
The vampire gestures at you while chanting.
You are confused.
You miss the vampire.
The vampire is moderately damaged.
The vampire hits you with a +0 falchion!
* * * LOW HITPOINT WARNING * * *
The vampire bites you but does no damage.
The vampire hits you with a +0 falchion.
* * * LOW HITPOINT WARNING * * *
The vampire bites you but does no damage.
The vampire attacks as you move away!
The vampire hits you but does no damage.
The vampire bites you but does no damage.
Unknown command.
The vampire hits you with a +0 falchion!
You die...
Your body crumbles into a pile of gold.

### ### #####.#######
..### ##...........##
....### #.............#
......# ##...)..<......#
.....## #..............#
.....# #..............#
....## ##..............#
....## #........@.....##
.....###.......V.....##
#...............>...##
#.##................#
#.#####.............#
### #.#
##..........#..####.#
#.#
#...........#..##...#
#.#
#.......##..........#
#.#
#.....######........####


You could see a vampire (invisible).

Vanquished Creatures
  Sigmund (D:3)
  Eustachio (D:5)
  A black bear (D:4)
  A necrophage (D:5)
  A scorpion (D:5)
  4 hounds
  2 iguanas
  Natasha (thrice) (D:3)
  Terence (D:2)
  3 gnolls (D:4)
  3 adders
  3 worms
  7 dart slugs
  2 orcs (D:3)
  7 bats
  5 endoplasms
  6 giant cockroaches
  7 goblins
  4 hobgoblins
  9 jackals
  6 kobolds
  7 quokkas
  6 ball pythons
  3 rats (D:2)
93 creatures vanquished.

Vanquished Creatures (collateral kills)
  Ijyb (D:5)
1 creature vanquished.

Grand Total: 94 creatures vanquished

Notes
Turn   | Place    | Note
-------+----------+-------------------------------------------
     0 | D:1      | Vomitron the Palentonga Fighter began the quest for the
                  | Orb.
     0 | D:1      | Reached XP level 1. HP: 19/19 MP: 1/1
   239 | D:1      | Reached XP level 2. HP: 25/25 MP: 2/2
   672 | D:1      | Reached XP level 3. HP: 28/31 MP: 3/3
   672 | D:1      | Found a faded altar of an unknown god.
   981 | D:2      | Noticed Terence
   987 | D:2      | Reached skill level 3 in Maces & Flails
   991 | D:2      | Killed Terence
  1241 | D:2      | Reached XP level 4. HP: 37/37 MP: 4/4
  1859 | D:3      | Found Nickef's Magic Scroll Emporium.
  1859 | D:3      | Found Heixuiwk's Magic Scroll Shop.
  1876 | D:3      | Bought a scroll of teleportation for 36 gold pieces
  1933 | D:3      | Found Ruwayda's Armour Shop.
  2033 | D:3      | Found Oteinasa's Magic Scroll Emporium.
  2217 | D:3      | Found Valups's General Store.
  2227 | D:3      | Bought a potion of heal wounds for 60 gold pieces
  2260 | D:3      | Noticed Natasha
  2277 | D:3      | Killed Natasha
  2723 | D:3      | Found a white marble altar of Elyvilon.
  2813 | D:3      | Noticed Sigmund
  2846 | D:3      | Killed Sigmund
  2847 | D:3      | Reached skill level 4 in Maces & Flails
  2847 | D:3      | Reached XP level 5. HP: 28/44 MP: 5/5
  2847 | D:3      | Reached XP level 6. HP: 32/51 MP: 6/6
  3147 | D:3      | Noticed Natasha
  3150 | D:3      | Killed Natasha
  3426 | D:3      | Noticed Natasha
  3432 | D:3      | Killed Natasha
  3433 | D:3      | Reached skill level 5 in Maces & Flails
  3957 | D:4      | Found Fymut's Jewellery Emporium.
  3984 | D:4      | Found an opulent altar of Gozag.
  4100 | D:4      | Became a worshipper of Gozag Ym Sagoz the Greedy
  4418 | D:5      | Entered Level 5 of the Dungeon
  4421 | D:5      | Noticed Ijyb
  4583 | D:4      | Gained mutation: You curl defensively after being hit. (AC
                  | +7*) [Palentonga growth]
  4583 | D:4      | Reached XP level 7. HP: 35/58 MP: 7/7
  4840 | D:5      | Found a hide-covered altar of Uskayaw.
  4857 | D:5      | Killed Ijyb
  4964 | D:5      | Noticed a vampire
  5159 | D:5      | Reached skill level 5 in Fighting
  5159 | D:5      | Reached skill level 6 in Maces & Flails
  5312 | D:5      | Found a staircase to the Ecumenical Temple.
  5324 | Temple   | Entered the Ecumenical Temple
  5806 | D:5      | Found a basalt altar of Yredelemnul.
  5809 | D:5      | Noticed a profane servitor
  5820 | D:5      | Found a glowing golden altar of the Shining One.
  5822 | D:5      | Noticed an angel
  5910 | D:5      | Noticed Eustachio
  5941 | D:5      | Killed Eustachio
  6138 | D:4      | Slain by a vampire

Illustrated notes

Levels and vault maps discovered:
D:1:      minmay_arrival_widening_spiral_wide, layout_loops_ring,
          hellmonk_ecumenical_altar_dog_temple, minmay_pentomino_z4
D:2:      layout_basic, uniq_terence
D:3:      layout_basic, mainiacjoe_overflow_alcove_2, serial_shops, shop,
          nicolae_shop_stone, nicolae_lakefront_shop, shop,
          nicolae_lakefront_shop, uniq_natasha, uniq_sigmund
D:4:      layout_cave_pods, kennysheep_mini_moat, serial_shops, shop
D:5:      layout_basic, grunt_temple_overflow_holy_war,
          nicolae_uskayaw_murder_on_the_dancefloor,
          minmay_temple_entry_drinking_statues, hex_medium, uniq_ijyb,
          uniq_eustachio
D:6:      layout_rooms
Temple:   minmay_temple_curvy_branch

Skill      XL: |  1  2  3  4  5  6  7 |
---------------+----------------------+-----
Maces & Flails | 3 4 5 6 |  6.7
Shields        | 3 4 |  4.3
Fighting       | 4 5 |  5.4
Armour         | |  2.7

Action                   |  1- 3 |  4- 6 |  7- 9 || total
-------------------------+-------+-------+-------++-------
Melee: Flail             |    70 |   138 |    33 ||   241
       Tailslap          |     7 |    17 |    15 ||    39
       Short sword       |       |    18 |    15 ||    33
       Whip              |       |       |    44 ||    44
 Abil: Rolling Charge    |     9 |    12 |     5 ||    26
Evoke: Wand              |       |       |     1 ||     1
  Use: Scroll            |       |     8 |     3 ||    11
       Potion            |       |     2 |     3 ||     5
 Stab: Distracted        |       |       |     1 ||     1
Armor: Scale mail        |    43 |     3 |       ||    46
       Chain mail        |       |   126 |    59 ||   185
Dodge: Dodged            |    25 |    45 |    19 ||    89
Block: Buckler           |    11 |    27 |    22 ||    60

Table legend: (Time is in decaauts)
 A = Elapsed time spent in this place.
 B = Non-inter-level travel time spent in this place.
 C = Inter-level travel time spent in this place.
 D = Time resting spent in this place.
 E = Time spent auto-exploring this place.
 F = Levels seen in this place.
 G = Mean time per level.
                   A        B        C        D        E       F      G
               +--------+--------+--------+--------+--------+-----+--------+
         Total |   6197 |   5551 |    646 |   1639 |   2907 |   7 |  885.3 |
       Dungeon |   6155 |   5528 |    627 |   1639 |   2884 |   6 | 1025.8 |
        Temple |     42 |     23 |     19 |      0 |     23 |   1 |   42.0 |
               +--------+--------+--------+--------+--------+-----+--------+

Top non-repeatable levels by time:
     D:3: 1752 daAuts
     D:4: 1472 daAuts
     D:5: 1105 daAuts
     D:1: 887 daAuts
     D:2: 877 daAuts
     D:6: 59 daAuts
  Temple: 42 daAuts
